Map: Frost LE

Players

DeathAndPain - Winner!

  • Race: Protoss Protoss
  • League: Platinum

blackxored

  • Race: Zerg Zerg
  • League: Diamond

VOD

Have the link to the VOD?

Description

Time

  • Played on: July 1, 2016, 11:27 p.m.
  • Length: 21:32
Show
View Real Time Build Order
Export as new Build Order

DeathAndPain Protoss - Winner!

Build Orders:  

Get SALT Encoding   

  12  0:00  Probe (Chrono Boost)  
  13  0:12  Probe (Chrono Boost)  
  14  0:18  Pylon  
  14  0:23  Probe (Chrono Boost)  
  15  0:36  Probe (Chrono Boost)  
  15  0:42  Assimilator  
  16  0:47  Probe (Chrono Boost)  
  17  0:57  Probe (Chrono Boost)  
  18  1:08  Probe (Chrono Boost)  
  19  1:13  Nexus  
  20  1:18  Probe (Chrono Boost)  
  20  1:26  Gateway  
  20  1:29  Probe (Chrono Boost)  
  21  1:35  Assimilator  
  21  1:40  Probe (Chrono Boost)  
  21  1:46  Pylon  
  22  1:51  Probe (Chrono Boost)  
  23  1:55  Forge  
  23  2:05  Probe (Chrono Boost)  
  24  2:19  Probe (Chrono Boost)  
  25  2:25  Cybernetics Core  
  25  2:26  Probe (Chrono Boost)  
  25  2:29  Photon Cannon  
  27  2:30  Probe (Chrono Boost)  
  27  2:37  Probe (Chrono Boost)  
  28  2:40  Probe (Chrono Boost)  
  28  2:41  Zealot  
  31  2:45  Protoss Ground Weapons Level 1 (Chrono Boost)  
  31  2:46  Probe (Chrono Boost)  
  31  2:51  Probe  
  33  2:59  Probe  
  33  3:02  Warp Gate  
  33  3:03  Probe  
  35  3:11  Sentry, Pylon  
  35  3:12  Probe  
  37  3:15  Probe  
  39  3:22  Assimilator  
  39  3:23  Probe  
  39  3:24  Assimilator  
  40  3:27  Probe  
  40  3:32  Stargate  
  40  3:33  Gateway  
  41  3:35  Probe  
  41  3:39  Probe  
  41  3:40  Sentry  
  45  3:45  Probe  
  46  3:53  Mothership Core  
  48  3:59  Robotics Facility  
  48  4:01  Pylon  
  48  4:02  Probe  
  49  4:11  Zealot  
  49  4:14  Probe  
  49  4:16  Phoenix (Chrono Boost)  
  54  4:18  Probe  
  55  4:26  Probe  
  55  4:28  Protoss Ground Armor Level 1  
  55  4:30  Probe  
  57  4:31  Pylon  
  57  4:38  Probe  
  58  4:39  Pylon  
  58  4:42  Probe  
  59  4:46  Adept  
  59  4:49  Adept, Immortal  
  59  4:50  Probe  
  68  4:56  Pylon  
  68  5:02  Probe x2  
  70  5:15  Oracle (Chrono Boost)  
  70  5:16  Robotics Bay  
  71  5:28  Adept  
  71  5:29  Adept  
  71  5:30  Immortal  
  71  5:34  Probe x2  
  81  5:46  Probe x2  
  83  5:59  Gateway  
  83  6:00  Gateway  
  83  6:02  Oracle (Chrono Boost)  
  83  6:03  Twilight Council  
  86  6:21  Robotics Facility  
  86  6:25  Nexus  
  86  6:26  Pylon  
  86  6:28  Pylon  
  86  6:31  Pylon  
  86  6:32  Extended Thermal Lance (Chrono Boost)  
  86  6:35  Pylon  
  86  6:36  Assimilator  
  86  6:38  Protoss Ground Weapons Level 2  
  86  6:41  Assimilator  
  86  6:45  Immortal  
  90  6:47  Resonating Glaives (Chrono Boost)  
  90  6:57  Pylon  
  90  6:59  Void Ray  
  94  7:02  Pylon  
  94  7:03  Probe  
  94  7:04  Probe  
  96  7:10  Pylon  
  96  7:16  Probe  
  96  7:17  Probe  
  96  7:22  Adept x3  
  100  7:24  Adept  
  100  7:28  Probe  
  100  7:29  Probe  
  109  7:32  Colossus  
  109  7:36  Probe  
  104  7:40  Probe  
  104  7:42  Probe  
  102  7:48  Probe  
  102  7:52  Probe  
  102  7:54  Phoenix, Probe  
  102  7:58  Probe  
  106  8:04  Probe  
  108  8:06  Probe  
  108  8:09  Probe  
  110  8:16  Probe  
  111  8:23  Phoenix  
  113  8:29  Colossus x2  
  113  8:32  Probe  
  113  8:33  Probe x2  
  128  8:43  Probe  
  128  8:44  Zealot  
  128  8:45  Probe, Zealot x2  
  128  8:46  Zealot, Probe  
  128  8:47  Pylon  
  139  8:54  Phoenix  
  141  8:56  Protoss Ground Weapons Level 3  
  141  8:58  Protoss Air Weapons Level 1  
  141  9:13  Observer Gravitic Boosters  
  141  9:18  Fleet Beacon  
  141  9:24  Gateway  
  141  9:27  Gateway  
  141  9:32  Gateway  
  133  9:40  Phoenix  
  124  9:53  Stargate x2  
  124  9:54  Probe  
  124  9:55  Probe x2  
  127  10:05  Probe  
  128  10:07  Probe  
  128  10:08  Nexus, Probe  
  130  10:14  Pylon  
  130  10:34  Phoenix  
  132  10:38  Anion Pulse-Crystals  
  132  10:40  Protoss Air Weapons Level 2  
  132  10:41  Colossus x2  
  144  10:44  Probe  
  145  11:05  Charge (Chrono Boost)  
  145  11:09  Carrier (Chrono Boost)  
  151  11:17  Zealot  
  151  11:18  Zealot x2  
  157  11:22  Protoss Shields Level 1  
  163  11:43  Observer, Warp Prism  
  163  11:44  Carrier (Chrono Boost)  
  166  11:56  Gravitic Drive  
  172  12:02  Probe  
  172  12:03  Probe x2  
  172  12:04  Probe  
  172  12:07  Photon Cannon  
  176  12:12  Assimilator  
  176  12:13  Carrier (Chrono Boost), Assimilator  
  176  12:15  Probe  
  176  12:16  Probe  
  178  12:30  Adept x5  
  188  12:48  Graviton Catapult  
  188  12:55  Protoss Air Weapons Level 3  
  188  13:01  Pylon, Photon Cannon  
  188  13:05  Gateway  
  188  13:06  Protoss Shields Level 2  
  188  13:08  Gateway  
  194  13:20  Carrier (Chrono Boost)  
  194  13:21  Sentry  
  196  13:45  Pylon  
  196  13:47  Pylon  
  194  14:07  Probe  
  194  14:10  Void Ray x2 (Chrono Boost)  
  194  14:13  Probe  
  194  14:14  Probe x2  
  192  14:19  Probe  
  193  14:26  Probe x2  
  186  14:43  Nexus  
  183  15:07  Nexus  
  183  15:15  Pylon  
  183  15:18  Pylon  
  183  15:20  Pylon  
  173  15:25  Templar Archives  
  163  15:33  Probe  
  128  15:57  Zealot x4  
  128  16:10  Probe  
  127  16:49  Zealot  
  127  16:52  High Templar x3  
  127  16:53  High Templar x3  
  120  17:06  Archon x3  
  72  18:23  Probe  
  67  18:33  Probe  
  68  18:44  Probe  
  69  18:51  High Templar  
  69  18:52  High Templar  
  69  18:54  High Templar x2, Probe  
  77  18:56  Archon  
  77  19:00  Archon  
  78  19:51  Nexus  
  78  20:03  Probe  
  78  20:04  Probe  
  80  20:16  Probe  
Show
View Real Time Build Order
Export as new Build Order

blackxored Zerg 

Build Orders: Hatch First 

Get SALT Encoding   

  12  0:01  Drone  
  13  0:08  Drone  
  14  0:18  Overlord  
  14  0:21  Extractor  
  14  0:24  Drone  
  15  0:37  Drone x2  
  17  0:54  Hatchery  
  16  0:57  Drone  
  16  1:00  Drone  
  18  1:12  Extractor  
  18  1:15  Spawning Pool  
  16  1:18  Drone  
  16  1:21  Drone  
  18  1:31  Drone  
  19  1:40  Overlord  
  19  2:02  Queen  
  19  2:04  Zergling x4  
  23  2:10  Drone  
  24  2:19  Hatchery  
  23  2:23  Metabolic Boost  
  23  2:40  Queen  
  23  2:43  Overlord  
  25  2:59  Zergling x6  
  25  3:00  Zergling x4  
  25  3:03  Drone  
  31  3:20  Drone x5  
  31  3:22  Pneumatized Carapace  
  31  3:25  Overlord  
  36  3:37  Drone x2  
  36  3:38  Drone  
  39  3:52  Drone x2, Evolution Chamber  
  39  3:54  Drone x2  
  42  3:56  Baneling Nest  
  42  4:00  Overlord  
  41  4:16  Drone x5  
  46  4:18  Queen  
  48  4:24  Drone  
  48  4:25  Extractor  
  48  4:26  Drone x3  
  51  4:35  Spore Crawler  
  51  4:37  Drone, Spore Crawler  
  50  4:39  Drone  
  50  4:43  Drone  
  52  4:47  Lair  
  52  4:49  Drone  
  53  4:54  Spore Crawler  
  52  5:06  Drone x3  
  52  5:07  Drone x3  
  58  5:09  Overlord x3  
  57  5:41  Zergling x8  
  61  5:43  Drone, Hatchery  
  61  5:46  Drone  
  61  5:48  Infestation Pit  
  61  5:51  Drone x2  
  61  5:52  Drone x8  
  71  6:03  Baneling x4  
  71  6:07  Baneling x4  
  71  6:16  Extractor, Drone  
  71  6:17  Drone x5  
  71  6:18  Extractor  
  74  6:24  Extractor, Drone  
  74  6:25  Extractor, Drone  
  74  6:26  Overlord x3  
  74  6:27  Overlord  
  74  6:29  Zerg Melee Weapons Level 1  
  74  6:31  Drone  
  75  6:33  Evolution Chamber  
  74  6:46  Hive  
  74  6:48  Drone  
  74  6:51  Zergling x28  
  74  6:54  Baneling x5  
  89  7:06  Zergling x12  
  95  7:10  Drone  
  95  7:13  Spire  
  92  7:48  Zergling x2  
  92  7:49  Zergling x38  
  92  7:50  Baneling  
  92  7:51  Baneling x20  
  111  8:04  Hydralisk Den  
  111  8:05  Drone  
  111  8:06  Overlord x2  
  111  8:07  Overlord x2  
  111  8:22  Overlord x5  
  111  8:25  Greater Spire  
  111  8:31  Drone x9  
  111  8:32  Queen  
  122  8:46  Drone x7  
  129  8:50  Muscular Augments  
  129  8:52  Drone x2  
  129  8:53  Drone x2  
  129  8:55  Drone x2  
  135  8:58  Drone  
  135  9:00  Extractor, Drone x2  
  135  9:02  Extractor  
  136  9:03  Baneling x3  
  136  9:04  Baneling  
  136  9:10  Corruptor x2  
  136  9:11  Corruptor  
  138  9:31  Zergling x2  
  138  9:32  Zergling x30  
  149  9:51  Zergling x20  
  158  9:57  Corruptor x4  
  158  9:59  Brood Lord x2  
  169  10:01  Brood Lord  
  169  10:03  Spore Crawler  
  169  10:05  Spore Crawler, Drone x3  
  172  10:08  Baneling  
  172  10:11  Extractor  
  171  10:16  Adrenal Glands  
  171  10:34  Zerg Melee Weapons Level 2, Zerg Ground Armor Level 1  
  171  10:43  Corruptor  
  173  10:52  Zerg Flyer Weapons Level 1  
  173  10:55  Brood Lord  
  175  11:06  Overlord x4  
  175  11:07  Overlord  
  175  11:08  Hatchery  
  174  11:20  Drone  
  175  11:41  Corruptor x4  
  175  11:42  Corruptor x5  
  193  12:08  Brood Lord x3  
  199  12:12  Overlord  
  199  12:13  Overlord x2  
  199  12:32  Extractor x2  
  174  12:51  Zergling x52  
  175  12:52  Zergling x16  
  194  13:06  Hatchery  
  192  13:13  Corruptor x4  
  192  13:19  Zerg Flyer Weapons Level 2  
  200  13:20  Zerg Melee Weapons Level 3, Zerg Ground Armor Level 2  
  192  14:03  Brood Lord x3  
  188  14:48  Drone x6  
  188  14:49  Drone  
  188  14:52  Drone x5  
  186  15:04  Drone x4  
  189  15:09  Corruptor x5  
  191  15:23  Corruptor x4  
  191  15:24  Corruptor  
  195  15:29  Corruptor x2  
  195  15:30  Corruptor  
  194  15:36  Spine Crawler  
  194  15:38  Extractor, Spore Crawler, Spine Crawler  
  194  15:39  Extractor, Corruptor x5  
  194  15:40  Corruptor x3  
  189  15:46  Corruptor x4  
  183  15:55  Corruptor x2  
  142  16:09  Corruptor x3  
  142  16:11  Zergling x2  
  142  16:12  Zergling x30  
  154  16:22  Corruptor x2  
  133  16:33  Corruptor  
  121  16:41  Spore Crawler  
  121  16:42  Spore Crawler  
  121  16:43  Spore Crawler  
  121  16:44  Spore Crawler x4  
  121  16:45  Spore Crawler x2  
  121  16:46  Spore Crawler, Drone x12  
  83  17:06  Corruptor x3  
  73  17:22  Spine Crawler  
  68  17:23  Spine Crawler x2  
  68  17:25  Spine Crawler  
  57  17:45  Zergling x18  
  54  18:28  Spawning Pool  
  54  18:31  Drone x3  
  56  18:54  Hatchery  
  24  19:48  Drone x9  
  33  19:54  Lair  
  33  19:59  Zergling x2  
  35  20:00  Zergling x2  
  35  20:18  Spore Crawler  
  35  20:20  Spore Crawler  
  33  20:23  Spore Crawler  
  17  20:52  Drone x3  
  12  21:14  Drone x2  
Tags
 
Add a new tag
Caveats
  • Supply blocks, unpowered buildings, or Contaminate may cause inaccurate times.
  • Supply counts are checked every 10 seconds.